Cogmind - Beta 15 @@@ ROGUE MODE // 2025.09.20 @ 05:16:26 Player: Kotyk77 Result: Destroyed by H-55 Commando with Gauss Rifle Performance ------------- Evolutions (3) 1500 Regions Visited (5) 1000 Robots Destroyed (103) 515 Value Destroyed (2567) 2567 Prototype IDs (6) 120 Alien Tech Used (0) 0 Bonus (0) 0 TOTAL SCORE: 5702 Bonus ------- None Cogmind --------- Core Integrity 0/700 Matter 270/300 Energy 280/280 System Corruption 15% Temperature Cool (0) Movement Rolling (98) Ox1 Location -7/Factory Parts ------- > --- POWER (1) -------- Heavy Ion Engine > --- PROPULSION (4) --- Wheel Wheel Armored Wheel > --- UTILITY (6) ------ High-capacity Storage Unit Visual Processing Unit Signal Interpreter Armor Integrity Analyzer Utility Shielding > --- WEAPON (2) ------- Gatling Laser Ion Cannon > --- INVENTORY (20) --- Heavy Ion Engine Medium Matter Pod (100) Machine Analyzer Visual Processing Unit Signal Interpreter Trap Extractor (0/4) Improved Field Recycling Unit (0) Lightning Gun Lightning Gun Heavy Particle Gun Heavy Particle Gun EM Pulse Cannon Gauss Rifle Flak Cannon Flak Cannon Advanced EMP Blaster Chainsword Peak State ------------ > --- POWER ------------ Heavy Ion Engine > --- PROPULSION ------- Carbon-fiber Leg Carbon-fiber Leg Improved Carbon-fiber Leg Improved Titanium Leg > --- UTILITY ---------- High-capacity Storage Unit Visual Processing Unit Improved Sensor Array Signal Interpreter Improved Signal Interpreter Melee Analysis Suite > --- WEAPON ----------- Lightning Gun Flak Cannon > --- INVENTORY -------- Heavy Ion Engine Heavy Ion Engine Medium Matter Pod Machine Analyzer Visual Processing Unit Signal Interpreter Utility Shielding Medium Armor Plating Trap Extractor Improved Field Recycling Unit Lightning Gun Heavy Particle Gun Heavy Particle Gun EM Pulse Cannon Gauss Rifle Flak Cannon Advanced EMP Blaster Heavy Flail [Rating: 42] Favorites ----------- Power Heavy Ion Engine Engine Heavy Ion Engine Propulsion Armored Treads Treads Armored Treads Leg Aluminum Leg Wheel Wheel Flight Unit Xenon Bombardment Thruster Utility Signal Interpreter Device Microactuators Storage High-capacity Storage Unit Processor Signal Interpreter Protection Weapon Shielding Weapon Heavy Assault Rifle Energy Gun Heavy Particle Gun Energy Cannon Ion Cannon Ballistic Gun Heavy Assault Rifle Ballistic Cannon Bore Cannon Launcher Grenade Launcher Special Weapon Mining Laser Impact Weapon Heavy Flail Build | -11 -10 -9 -9 -8 -7 ------- Run | Yrd Mat Mat Min Mat Fac Slots Evolved 6 | . . 2 . 2 2 Power . | . . . . . . Propulsion 2 | . . 1 . . 1 Utility 4 | . . 1 . 2 1 Weapon . | . . . . . . Parts Attached 81 | 6 13 21 1 14 26 Power 9 | 1 1 3 . 1 3 Engine 9 | 1 1 3 . 1 3 Core . | . . . . . . Reactor . | . . . . . . Propulsion 27 | 2 5 4 . 4 12 Treads 8 | . . 4 . 4 . Leg 8 | . 3 . . . 5 Wheel 8 | 2 . . . . 6 Hover . | . . . . . . Flight 3 | . 2 . . . 1 Utility 21 | 1 3 5 1 4 7 Device 6 | . . 1 . 1 4 Storage 4 | 1 1 2 . . . Processor 6 | . 1 . 1 1 3 Hackware . | . . . . . . Protection 5 | . 1 2 . 2 . Artifact . | . . . . . . Weapon 24 | 2 4 9 . 5 4 Energy Gun 6 | 1 1 1 . 1 2 Energy Cannon 1 | . . . . . 1 Ballistic Gun 8 | 1 2 4 . 1 . Ballistic Cannon 2 | . . . . 1 1 Launcher 3 | . . 2 . 1 . Special Weapon 2 | . 1 1 . . . Impact Weapon 2 | . . 1 . 1 . Slashing Weapon . | . . . . . . Piercing Weapon . | . . . . . . Special Melee Weapon . | . . . . . . Unidentified Prototypes 6 | . . 3 . 3 . Corrupted Parts 1 | . . . . . 1 System Corruption 1 | . . . . . 1 Parts Lost 43 | . 3 2 4 13 21 Power 4 | . . . . 2 2 Propulsion 18 | . 2 . 2 4 10 Utility 13 | . . 1 1 4 7 Weapon 8 | . 1 1 1 3 2 Highest Loss Streak 7 | . 2 1 2 3 7 To Critical Strikes 1 | . . . 1 . . Average Backups 17 | 1 7 18 19 19 17 Power 3 | . 2 4 4 4 2 Propulsion . | . 1 1 . . . Utility 6 | . 1 6 7 7 8 Weapon 6 | . 2 6 7 7 7 Tool/Special . | . . . . . . Unused Backups 28 | . . 12 . 5 11 Power 5 | . . 4 . . 1 Propulsion . | . . . . . . Utility 8 | . . 1 . 2 5 Weapon 15 | . . 7 . 3 5 Tool/Special . | . . . . . . Average Slot Usage (%) 91 | . 93 99 98 87 79 Engine 9 | . 14 11 11 8 6 Treads 19 | . . 31 32 19 3 Leg 3 | . 14 1 . . 6 Wheel 1 | . 8 . . . 2 Flight 1 | . 3 . . . 3 Device 4 | . . 1 . 3 12 Storage 10 | . 14 11 11 9 7 Processor 16 | . 3 11 18 24 20 Protection 5 | . 9 9 2 5 1 Energy Gun 2 | . 12 3 . 1 2 Ballistic Gun 10 | . 11 15 18 5 . Ballistic Cannon 1 | . . . . 3 2 Impact Weapon 2 | . . 1 . 5 4 Peak Build Rating 42 | 6 8 25 26 34 42 Average Rating 23 | 5 6 21 24 26 30 On Entrance 12 | . 6 8 23 22 13 Naked Turns . | . . . . . . Heaviest Build 93 | 13 18 93 54 68 62 Greatest Support 68 | 26 26 60 60 62 68 Greatest Overweight (x) 18 | . 3 1 1 2 18 Average Overweight (x) . | . . . . . 1 Largest Inventory Capacity 25 | 8 10 25 20 20 20 Average Capacity 18 | 7 8 19 20 20 20 Most Carried 21 | 4 10 21 20 20 20 Average Carried 17 | 2 7 18 19 19 17 Final Capacity 20 | 8 10 20 20 20 20 Final Carried 20 | 4 10 20 20 19 17 Class Distribution -------------------- 83% | Mutant 9% | Skirmisher 4% | Assassin Dominant Class ---------------- Mutant | -10/Materials Mutant | -9/Materials Mutant | -9/Mines Mutant | -8/Materials Mutant | -7/Factory Resources | -11 -10 -9 -9 -8 -7 ----------- Run | Yrd Mat Mat Min Mat Fac Matter Collected 2358 | 254 162 689 183 722 348 Remotely . | . . . . . . Salvage Created 2819 | . 171 996 141 1046 465 Parts 166 | . 5 67 16 52 26 Haulers Intercepted 6 | . . 3 . 2 1 Recyclers Shooed 4 | . 1 3 . . . Parts Field Recycled . | . . . . . . Retrieved Matter . | . . . . . . Parts Self-Destructed . | . . . . . . Prevented . | . . . . . . Kills | -11 -10 -9 -9 -8 -7 ------- Run | Yrd Mat Mat Min Mat Fac Combat Hostiles Destroyed 68 | . 6 19 11 23 9 Melee 4 | . . 2 . 1 1 Guns 26 | . 6 9 7 4 . Cannons 13 | . . . . 7 6 AOE 21 | . . 8 4 9 . Classes Destroyed 14 | . 3 7 . 2 2 Worker 11 | . . 3 . 5 3 Builder 2 | . . 1 . 1 . Tunneler 3 | . . 1 1 1 . Hauler 6 | . . 3 . 2 1 Recycler 2 | . . . . 2 . Operator 2 | . . 2 . . . Watcher 9 | . 1 5 . 3 . Swarmer 25 | . 3 3 11 8 . Grunt 28 | . 3 10 . 11 4 Duelist 1 | . . 1 . . . Sentry 8 | . . 5 . 3 . Specialist 2 | . . . . . 2 Hunter 1 | . . . . 1 . Programmer 3 | . . . . . 3 Best Kill Streak 11 | . 2 6 4 11 3 Combat Bots Only 7 | . 2 6 4 7 3 Max Kills in Single Turn 4 | . 1 2 4 3 1 Gunslinging . | . . . . . . Exploded 4 | . . 2 4 3 . Melee 1 | . . 1 . 1 1 Uniques/NPCs Destroyed . | . . . . . . Combat | -11 -10 -9 -9 -8 -7 -------- Run | Yrd Mat Mat Min Mat Fac Hostile Shots Fired 682 | . 57 89 87 154 295 Missed 217 | . 16 22 16 52 111 Hits 465 | . 41 67 71 102 184 Melee 11 | . . 11 . . . Projectile 454 | . 41 56 71 102 184 AOE 1 | . . . . . 1 Critical Strikes 13 | . . 3 1 6 3 Damage Taken 6481 | . 454 1152 591 1432 2852 Core 1217 | . 54 101 87 262 713 Absorbed by Shields . | . . . . . . Redirected to Shielding 121 | . 10 35 15 32 29 Regen/Repaired (Parts) 89 | . . 89 . . . Core Remaining (%) 70 | 100 78 . 53 52 . Volleys Fired 245 | . 31 71 26 78 39 Largest 2 | . 2 2 2 2 2 Hottest 140 | . 120 78 123 55 140 Shots Fired 352 | . 53 114 40 90 55 Gun 242 | . 49 105 35 32 21 Cannon 76 | . . . . 42 34 Launcher 26 | . . 9 1 16 . Special 8 | . 4 . 4 . . Kinetic 221 | . 8 91 35 63 24 Thermal 95 | . 45 14 4 11 21 Explosive 26 | . . 9 1 16 . Electromagnetic 10 | . . . . . 10 Robot Hit Streak 21 | . 6 21 5 10 9 Robot Miss Streak 10 | . 4 3 4 4 10 Penetration Max 1 | . . . . 1 . Secondary Targets . | . . . . . . Shots Hit Robots 245 | . 28 86 19 66 46 Core Hits 162 | . 12 49 12 59 30 Critical Kills 7 | . . 1 . 6 . Critical Parts Destroyed 12 | . . . . 11 1 Critical Strikes 21 | . 2 1 . 17 1 Burn 2 | . 2 . . . . Destroy 16 | . . . . 16 . Smash 3 | . . 1 . 1 1 Melee Attacks 45 | . . 9 . 15 21 Impact 45 | . . 9 . 15 21 Slashing . | . . . . . . Piercing . | . . . . . . Sneak Attacks 5 | . . 1 . 2 2 Combat Hostiles . | . . . . . . Follow-up Attacks . | . . . . . . Damage Inflicted 6844 | . 396 2080 479 2574 1315 Guns 2348 | . 331 1150 272 345 250 Cannons 1245 | . . . . 650 595 Explosions 1960 | . . 727 169 1064 . Melee 1094 | . . 156 . 490 448 Ramming 123 | . 17 47 12 25 22 Kinetic 2533 | . 33 944 272 910 374 Thermal 1098 | . 346 206 26 85 435 Explosive 1960 | . . 727 169 1064 . Electromagnetic 36 | . . . . . 36 Impact 1094 | . . 156 . 490 448 Slashing . | . . . . . . Piercing . | . . . . . . Highest Corruption 15 | . . . . . 15 Average Corruption 4 | . . . . . 4 Corruption Purged . | . . . . . . Corruption Blocked . | . . . . . . Effects 9 | . . . . . 9 Message Errors 2 | . . . . . 2 Matter Fused 3 | . . . . . 3 Energy Discharges 2 | . . . . . 2 Data Loss (major) 1 | . . . . . 1 Alerts 1 | . . . . . 1 Overload Shots . | . . . . . . Overflow Damage 432 | . . 28 6 240 158 Projectiles 8 | . . . 6 . 2 Explosions 18 | . . 18 . . . Melee 406 | . . 10 . 240 156 Knockbacks 25 | . . . . 11 14 Impact 8 | . . . . 5 3 Kinetic 17 | . . . . 6 11 Secondary . | . . . . . . Self-Inflicted Damage 86 | . . 48 30 . 8 Shots 3 | . . 2 1 . . Rammed 11 | . 1 5 1 3 1 Targets Rammed 17 | . 5 6 1 3 2 Kicked 5 | . 4 . . . 1 Crushed 1 | . . 1 . . . Highest Temperature 404 | . 404 72 40 54 150 Average Temperature 58 | . 137 20 21 14 37 Received Heat Transfer 1941 | . 195 369 . 666 711 Effects 2 | . 2 . . . . Shutdowns 1 | . 1 . . . . Energy Bleed 1 | . 1 . . . . Siege Activations . | . . . . . . Martial Activations . | . . . . . . Shielding Activations . | . . . . . . Robots Disrupted . | . . . . . . Combat Hostiles . | . . . . . . Robots Corrupted 7 | . . 1 . 4 2 Combat Hostiles 3 | . . . . 2 1 Parts Fried 7 | . . 2 . 3 2 Impact Corruptions 18 | . . 2 . 7 9 Robots Melted 1 | . . . . . 1 Combat Hostiles 1 | . . . . . 1 Parts Melted 9 | . 6 1 . . 2 Heat Transferred 2498 | . 1136 407 50 148 757 Parts Sabotaged . | . . . . . . Parts Stolen . | . . . . . . Parts Stripped . | . . . . . . Power Chain Reactions . | . . . . . . Alert | -11 -10 -9 -9 -8 -7 ------- Run | Yrd Mat Mat Min Mat Fac Maximum Alert Level 1 | . . 1 . 1 . Low Security (%) 75 | 100 100 48 100 55 100 Level 1 24 | . . 51 . 44 . Level 2 . | . . . . . . Level 3 . | . . . . . . Level 4 . | . . . . . . Level 5 . | . . . . . . High Security . | . . . . . . Max Security . | . . . . . . Peak Influence 340 | . 65 340 126 334 117 Initial 126 | . . . 126 37 117 Average 88 | . 11 159 32 147 22 Influence Increases 2350 | . 203 711 258 815 363 Destroy 0b10 Robot/C 1360 | . 120 380 220 460 180 Destroy 0b10 Robot/NC 175 | . 5 75 5 70 20 Destroy Leader 320 | . 32 116 20 100 52 Successful Hack 53 | . 30 23 . . . Disable Machine 120 | . . 45 . 60 15 Destroy Structure 142 | . 1 42 13 80 6 Partial Spotted 15 | . . . . . 15 Lose Combat Pursuer 165 | . 15 30 . 45 75 Influence Decreases 2327 | . 203 386 488 651 599 Entered New Map 399 | . . . 199 58 142 Time Decay 1597 | . 173 366 278 463 317 Lost Part 331 | . 30 20 11 130 140 Squads Dispatched 16 | . 2 1 . 6 7 Investigation 3 | . 1 . . 2 . Extermination 2 | . . . . . 2 Reinforcement 8 | . 1 1 . 1 5 Assault . | . . . . . . Garrison 3 | . . . . 3 . Intercept . | . . . . . . Searches Triggered . | . . . . . . Construction Impeded 1 | . . 1 . . . Haulers Reinforced 1 | . . . . . 1 Active Scanning Responses . | . . . . . . Cargo Convoy Interrupts 1 | . . . . . 1 Stealth | -11 -10 -9 -9 -8 -7 --------- Run | Yrd Mat Mat Min Mat Fac Distress Signals 4 | . 1 1 . 2 . Communications Jammed . | . . . . . . Distress Signals . | . . . . . . Times Spotted 107 | . 10 30 12 36 19 Peak Tracking Total 5 | . 5 5 4 5 4 Tactical Retreats 9 | . 1 1 . 3 4 Traps | -11 -10 -9 -9 -8 -7 ------- Run | Yrd Mat Mat Min Mat Fac Traps Triggered 3 | . 1 . . 1 1 Indirectly . | . . . . . . Trap Hack Attempts . | . . . . . . Triggered . | . . . . . . Disarmed . | . . . . . . Reprogrammed . | . . . . . . Reused . | . . . . . . Traps Extracted . | . . . . . . Installed . | . . . . . . Triggered . | . . . . . . Machines | -11 -10 -9 -9 -8 -7 ---------- Run | Yrd Mat Mat Min Mat Fac Machines Disabled 9 | . 1 3 . 4 1 Max in Single Turn 1 | . 1 1 . 1 1 Machines Repaired . | . . . . . . Machines Dismantled . | . . . . . . Machines Sabotaged . | . . . . . . Overloaded Fab Kills . | . . . . . . Hacking | -11 -10 -9 -9 -8 -7 --------- Run | Yrd Mat Mat Min Mat Fac Machines Accessed 17 | . 5 10 . 2 . Terminals 12 | . 4 8 . . . Fabricators . | . . . . . . Repair Stations 1 | . . 1 . . . Recycling Units 2 | . 1 . . 1 . Scanalyzers 2 | . . 1 . 1 . Garrison Access . | . . . . . . Total Hacks 51 | . 13 31 . 7 . Successful 38 | . 9 25 . 4 . Failed 13 | . 4 6 . 3 . Catastrophic 1 | . . 1 . . . Database Lockouts . | . . . . . . Manual 29 | . 13 12 . 4 . Terminals 28 | . 12 16 . . . Fabricators . | . . . . . . Repair Stations 3 | . . 3 . . . Recycling Units 5 | . 1 . . 4 . Scanalyzers 15 | . . 12 . 3 . Garrison Access . | . . . . . . Terminal Hacks 13 | . 6 7 . . . Part Schematic 2 | . 2 . . . . Robot Analysis 8 | . 4 4 . . . Branch Access Points 1 | . . 1 . . . Terminal Index 1 | . . 1 . . . Zone Layout 1 | . . 1 . . . Fabricator Hacks . | . . . . . . Repair Station Hacks 3 | . . 3 . . . Scan Component 2 | . . 2 . . . Repair 1 | . . 1 . . . Recycling Unit Hacks . | . . . . . . Scanalyzer 13 | . . 12 . 1 . Insert Component 7 | . . 6 . 1 . Analyze 6 | . . 6 . . . Garrison Access Hacks . | . . . . . . Unauthorized Hacks 6 | . 3 3 . . . Terminals 6 | . 3 3 . . . Botnet 6 | . 3 3 . . . Fabricators . | . . . . . . Repair Stations . | . . . . . . Recycling Units . | . . . . . . Scanalyzers . | . . . . . . Garrison Access . | . . . . . . Data Cores Recovered 1 | . . 1 . . . Used . | . . . . . . Hacking Detections 15 | . 5 8 . 2 . Full Trace Events 7 | . 2 3 . 2 . Feedback Events . | . . . . . . Feedback Blocked . | . . . . . . Robot Schematics Acquired . | . . . . . . Robots Built . | . . . . . . Authchips . | . . . . . . Time . | . . . . . . Total Robot Build Rating . | . . . . . . Part Schematics Acquired 8 | . 2 6 . . . Parts Built . | . . . . . . Authchips . | . . . . . . Time . | . . . . . . Total Part Build Rating . | . . . . . . Parts Repaired 1 | . . 1 . . . Time 32 | . . 32 . . . Parts Recycled . | . . . . . . Recycled Matter . | . . . . . . Retrieved Matter . | . . . . . . Retrieved Components . | . . . . . . Parts Scanalyzed 6 | . . 6 . . . Part Schematics Acquired 6 | . . 6 . . . Parts Damaged . | . . . . . . Bothacking | -11 -10 -9 -9 -8 -7 ------------ Run | Yrd Mat Mat Min Mat Fac Used RIF Installer . | . . . . . . Robots Hacked . | . . . . . . Non-combat . | . . . . . . Combat . | . . . . . . Robot Hacks Applied . | . . . . . . Relay Couplers Released . | . . . . . . Fabnet Peak Effective % . | . . . . . . Robots Rewired . | . . . . . . Allies Hacked . | . . . . . . Hacks Repelled . | . . . . . . Allies | -11 -10 -9 -9 -8 -7 -------- Run | Yrd Mat Mat Min Mat Fac Total Allies . | . . . . . . Largest Group . | . . . . . . Highest-Rated Group . | . . . . . . Highest-Rated Ally . | . . . . . . Total Orders . | . . . . . . Ally Attacks . | . . . . . . Total Damage . | . . . . . . Kills . | . . . . . . Allies Corrupted . | . . . . . . Allies Melted . | . . . . . . Intel | -11 -10 -9 -9 -8 -7 ------- Run | Yrd Mat Mat Min Mat Fac Active Infowar (turns) 3534 | . . . 844 1370 1320 Optics 3534 | . . . 844 1370 1320 Sensors 885 | . . . . 491 394 Robot Analysis Total 7 | . 4 3 . . . Derelict Logs Recovered 1 | . . . 1 . . Drone Launches . | . . . . . . Drone Recoveries . | . . . . . . Exploration | -11 -10 -9 -9 -8 -7 ------------- Run | Yrd Mat Mat Min Mat Fac Turns Passed 6228 | 57 603 1708 1170 1370 1320 Spaces Moved 2876 | 51 409 799 631 480 506 Core 8 | 5 . . . . 3 Treads 2052 | . . 742 631 480 199 Legs 483 | . 226 57 . . 200 Wheels 297 | 46 147 . . . 104 Hover . | . . . . . . Flight 36 | . 36 . . . . Fastest Speed 50 | 50 90 120 170 158 98 Average Speed 178 | 86 110 166 172 225 223 Slowest Speed 950 | 100 280 250 250 320 950 Overloaded Moves . | . . . . . . Propulsion Burnouts . | . . . . . . Robots Hopped . | . . . . . . Potential Cave-ins . | . . . . . . Cave-ins Triggered 1 | . . . . . 1 Exploration Rate (%) 46 | 3 51 70 98 34 21 Regions Visited 5 Branch Regions 1 Pre-discovered Areas . | . . . . . . Known Exits Taken 4 | . 1 1 1 1 . Unknown Exits Taken 1 | 1 . . . . . Scrap Searched 3 | . . . 3 . . Spaces Dug 15 | . . 8 . 1 6 Terrain Destroyed 165 | . 1 53 13 92 6 Melee 8 | . . 1 . 1 6 Projectile 26 | . 1 . 2 23 . AOE 131 | . . 52 11 68 . Terrain Rammed . | . . . . . . Walls Destroyed . | . . . . . . Machines Disabled . | . . . . . . Actions | -11 -10 -9 -9 -8 -7 --------- Run | Yrd Mat Mat Min Mat Fac Total 3548 | 60 497 1059 667 646 619 Wait 131 | . 17 75 3 24 12 Move 2871 | 50 408 798 630 479 506 Hop . | . . . . . . Pick Up 77 | 4 12 37 3 12 9 Fast Attach 36 | 6 3 7 . 4 16 Attach 30 | . 5 4 3 7 11 Detach 4 | . 3 1 . . . Swap 43 | . 6 18 1 15 3 Drop 49 | . 7 33 . 9 . Fire 245 | . 31 71 26 78 39 Melee 45 | . . 9 . 15 21 Ram 2 | . 1 . . . 1 Kick 5 | . 4 . . . 1 Crush 10 | . . 6 1 3 . Escape Stasis . | . . . . . . Rewire . | . . . . . . Trap . | . . . . . . Miscellaneous . | . . . . . . Route ------- -11/Scrapyard -10/Materials (discovered 3 exits: *Mat / [*Min x2]) -9/Materials (discovered 3 exits: *Mat x2 / *Min) -9/Mines (discovered 2 exits: *Mat x2) -8/Materials (discovered 3 exits: *Fac x2 / *Sto) -7/Factory History --------- Turn | Location | Event 27 | -11/Scrapyard | Discovered new exit (range 15) 58 | -11/Scrapyard | Entered Materials 59 | -10/Materials | Met a group of wandering Federalists 98 | -10/Materials | Discovered new exit (range 7) 287 | -10/Materials | Discovered new exit (range 8) 311 | -10/Materials | Build established: Mutant 514 | -10/Materials | Discovered new exit (range 4) 516 | -10/Materials | Identified exit to Materials 661 | -10/Materials | Entered another Materials area 661 | -9/Materials | Evolved 2 slots: Propulsion x1, Utility x1 1386 | -9/Materials | Discovered new exit (range 14) 1407 | -9/Materials | Identified exit to Materials 1615 | -9/Materials | Identified exit to Mines 2002 | -9/Materials | Discovered exit to Materials (range 16) 2068 | -9/Materials | Repaired Hvy. Assault Rifle 2369 | -9/Materials | Entered Mines 2537 | -9/Mines | Discovered exit to Materials (range 15) 2888 | -9/Mines | Learned 2 Materials zone layouts 3005 | -9/Mines | Found a damaged Exp. Sensor Array with a note attached 3011 | -9/Mines | Found Prototype Device 3152 | -9/Mines | A weapon hastily lodged in a ceiling crevice suddenly fell to the ground 3500 | -9/Mines | Discovered exit to Materials (range 10) 3539 | -9/Mines | Entered Materials 3539 | -8/Materials | Evolved 2 slots: Utility x2 3540 | -8/Materials | Identified exit to Factory 3541 | -8/Materials | Discovered new exit (range 8) 3556 | -8/Materials | Identified exit to Storage 3914 | -8/Materials | Build established: Skirmisher 4077 | -8/Materials | Garrison activated, responded to threat 4360 | -8/Materials | Destroyed 7 combat bots 4368 | -8/Materials | Lost 3 parts (1p1n1w) 4379 | -8/Materials | Identified Exp. Sensor Array 4402 | -8/Materials | Build established: Mutant 4705 | -8/Materials | Discovered exit to Factory (range 8) 4830 | -8/Materials | Lost 3 parts (1n1u1w) 4909 | -8/Materials | Entered Factory 4909 | -7/Factory | Evolved 2 slots: Propulsion x1, Utility x1 4927 | -7/Factory | Lost 3 parts (1p1n1u) 5617 | -7/Factory | Core integrity fell below 50% 5642 | -7/Factory | Lost 7 parts (1p2n3u1w) 5816 | -7/Factory | Cargo convoy interrupted 6039 | -7/Factory | Crushed by falling debris 6039 | -7/Factory | System corruption reached 10% 6070 | -7/Factory | Lost 3 parts (2u1w) 6119 | -7/Factory | Core integrity fell below 20% 6177 | -7/Factory | Lost 6 parts (1p3n2u) 6229 | -7/Factory | Destroyed by H-55 Commando with Gauss Rifle Last Messages --------------- 06141_ U-05 Engineer lays Concrete. 06144_ Acquired Wheel. 06144_ U-05 Engineer destroyed. 06144_ U-05 Engineer lays Concrete. 06145_ Acquired 29 matter. 06146_ Penetrated by Slug. 06146_ Wheel destroyed. 06149_ Acquired Wheel. 06151_ System corrupted: IFF burst signal emitted. 06152_ Slug penetrates Wall. 06165_ U-05 Engineer builds a Door. 06166_ Acquired Arm. Wheel. 06179_ System corrupted: Energy discharge (-89). 06193_ Acquired Chainsword. 06195_ System corrupted: Matter fused (-8). 06199_ Slug penetrates Nuclear Reactor. 06222_ System corrupted: Matter fused (-6). 06226_ Slug penetrates Door. 06226_ Wheel destroyed. 06229_ Penetrated by Slug. Map ----- +----------------------------------------------------+ | | | ?????????????????????????????????????????????????? | | ?????????????????????????????????????????????????? | | ?????????????????????????????????????????????????? | | ?????????????????????????????????????????????????? | | ?????????????????????????????????????????????????? | | ?????????????????????????????????????????????????? | | ?????????????????????????????????????????????????? | | ?????????????????????????????????????????????????? | | ?????????????????????????????????????????????????? | | ?????????????????????????????????????????????????? | | ?????????????????????????##+###??????????????????? | | ????????????????????????? +??????????????????? | | ????????????????????????? #??????????????????? | | ????????????????????????? #??????????????????? | | ????????????????????????? +??????????????????? | | ????????????????????????# #??????????????????? | | ????????????????????????# #??????????????????? | | ????????????????????????# #??????????????????? | | ????????????????????????# #??????????????????? | | ????????????????????????# #??????????????????? | | ????????????????????????# #??????????????????? | | ????????????????????????+ #??????????????????? | | ????????????????????????# #??????????????????? | | ????????????????????????# #??????????????????? | | ??????????????#########?#@ #??????????????????? | | ??????????????? ?# #??????????????????? | | ??????????????? """ [# #??????????????????? | | ??????????????? "T "" # #??????????????????? | | ????????????????""" "" + #??????????????????? | | ??????????????# """ # #??????????????????? | | ??????????????# """ # #####+########?????? | | ??????????????# ! """?# #????? | | ??????????????? ?# ????? | | ????????????????######??# !!! ???? | | ????????????????????????# !!! ???? | | ????????????????????????# !!! ???? | | ????????????????????????# ???? | | ????????????????############;### """ ##??????? | | ????????????????# # """ #???????? | | ????????????????# """ """ """ # """ ??#???????? | | ????????????????# """ """ """h # ? #???????? | | ????????????????# """ """ """ # """ #???????? | | ????????????????# # """ ##??????? | | ????????????????# = # """ #??????? | | ????????????????#########+####+# #??????? | | ????????????????????????# #??# # """ #??????? | | ????????????????????????# #??# # """ #??????? | | ????????????????????????# #### # """ #??????? | | ????????????????????????# ## # ""???? | +----------------------------------------------------+ Best States ------------- Heat Dissipation 34 Energy Generation 14 Energy Capacity 280 Matter Stores 300 Matter Capacity 300 Sight Range 18 Robot Scan Range 15 Terrain Scan Density 10 Armor Coverage 225 Propulsion Shielding 33 Utility Shielding 33 Weapon Shielding 33 Melee Speed Boost 50 Evasion (%) 55 Targeting Accuracy 6 Melee Accuracy 5 Armor Integrity Analysis 30 Recoil Reduction 3 Trap Extractor Capacity 4 Item Schematics ----------------- Aluminum Leg | -10/Materials | Hacked Lgt. Assault Rifle | -10/Materials | Hacked Imp. Assault Rifle | -9/Materials | Scanalyzed Arm. Treads | -9/Materials | Scanalyzed Grenade Launcher | -9/Materials | Scanalyzed Hvy. Ion Engine | -9/Materials | Scanalyzed Signal Interpreter | -9/Materials | Scanalyzed Imp. Ion Engine | -9/Materials | Scanalyzed Robot Schematics ------------------ None Fabricated ------------ Nothing Repaired ---------- Hvy. Assault Rifle | 22% | -9/Materials Alien Tech Used ----------------- None Achievements -------------- None Challenges ------------ None Game ------ Seed ThermalShieldCasing Manual? 0 Play Time 01:16:52 Cumulative 54.9 hours Start 2025.09.19 @ 04:57:33 End 2025.09.20 @ 05:16:26 Sessions 11 Manual Loads 0 Difficulty Rogue Special Mode None Game No. 60 Rogue 60 Adventurer 0 Explorer 0 Win Type - Total 0 Types 0/0/0/0/0/0/0/0/0/0 Lore% 18 Gallery% 30 Achievement% 27 Wizard Run 0 Options --------- Layout 1 ASCII 0 Keyboard 1 Movement Numpad Keybinds 0 Fullscreen 1 Font 32/SmallcapsGlow Map View 77x35 Zoom Use 0% Tactical HUD 1 Map Filters NONE Filters NONE Steam 1 RUN: 30a551e8-4edb-4545-9f34-05e031cd3312